 Dungeon Crawl Stone Soup version 0.25.1-2-g60ff931df9 (webtiles) character file.

Game seed: 3762995310932807172

8072 sankara the Arsonist (level 11, -4/82 HPs)
             Began as a Pale Draconian Fire Elementalist on Sept 9, 2020.
             Was a Priest of Vehumet.
             Impaled on a porcupine's spines (13 damage)
             ... on level 9 of the Dungeon.
             The game lasted 00:53:46 (12025 turns).

sankara the Arsonist (DrFE)                        Turns: 12025, Time: 00:53:47

Health: -4/82      AC: 13    Str: 10    XL:     11   Next: 5%
Magic:  4/20       EV: 14    Int: 22    God:    Vehumet [***...]
Gold:   572        SH:  0    Dex: 12    Spells: 5/22 levels left

rFire    . . .     SeeInvis +   a - +2 dagger (venom)
rCold    . . .     Gourm    .   (no shield)
rNeg     . . .     Faith    +   (armour unavailable)
rPois    +         Spirit   .   (helmet restricted)
rElec    .         Reflect  .   E - +5 cloak of Ybbinlast {rPois Int+3}
rCorr    .         Harm     .   (no gloves)
MR       .....                  (no boots)
Stlth    ++........             B - amulet of faith
HPRegen  0.23/turn              n - ring of see invisible
MPRegen  0.17/turn              y - ring of flight

@: very slightly contaminated, invisible
A: breathe steam, unfitting armour, cold-blooded, AC +7
a: Breathe Steam, Renounce Religion, Evoke Flight


You were on level 9 of the Dungeon.
You worshipped Vehumet.
Vehumet was most pleased with you.
You were very hungry.

You visited 2 branches of the dungeon, and saw 10 of its levels.

You collected 572 gold pieces.

Inventory:

Hand Weapons
 a - a +2 dagger of venom (weapon)
 b - the +9 heavy crossbow "Sniper" {vorpal, Acc+∞ SInv}
   (You found it on level 6 of the Dungeon)

   Any bolt fired from it inflicts extra damage.
   It lets you see invisible.
 w - a +3 vorpal dagger
 G - a +1 dagger of venom
Missiles
 c - 30 poisoned darts (quivered)
 h - 11 javelins
 i - 460 stones
 p - 20 bolts
 s - 9 boomerangs
 A - 89 sling bullets
Armour
 r - a +1 cloak
 E - the +5 cloak of Ybbinlast (worn) {rPois Int+3}
   (You found it on level 6 of the Dungeon)

   It affects your intelligence (+3).
   It protects you from poison.
Jewellery
 n - a ring of see invisible (left hand)
 y - a ring of flight (right hand)
 B - an amulet of faith (around neck)
Wands
 x - a wand of random effects (22)
 F - a wand of disintegration (1)
Scrolls
 d - 4 scrolls of teleportation
 e - 2 scrolls of identify
 f - 4 scrolls of enchant armour
 m - 3 scrolls of remove curse
 t - a scroll of fog
 u - a scroll of fear {unknown}
Potions
 g - a potion of mutation
 k - a potion of might
 l - a potion of curing
 q - 2 potions of lignification
 v - 2 potions of flight
 z - a potion of brilliance
 D - a potion of haste {unknown}
Miscellaneous
 H - a box of beasts
Comestibles
 o - 11 rations
 C - 10 chunks of flesh


   Skills:
 - Level 3.0 Fighting
 - Level 3.0 Short Blades
 - Level 3.0 Crossbows
 - Level 5.0 Dodging
 - Level 3.0 Stealth
 + Level 6.2 Spellcasting
 * Level 9.4 Conjurations
 - Level 3.0 Hexes
 * Level 10.6 Fire Magic


You had 5 spell levels left.
You knew the following spells:

 Your Spells              Type           Power        Failure   Level  Hunger
a - Foxfire               Conj/Fire      ####         1%          1    None
b - Conjure Flame         Conj/Fire      ######..     1%          3    #......
c - Sticky Flame          Conj/Fire      ######..     1%          4    ###....
d - Inner Flame           Hex/Fire       #####...     1%          3    #......
e - Fireball              Conj/Fire      ######....   1%          5    #####..
f - Shock                 Conj/Air       ####         1%          1    None

Your spell library contained the following spells:

 Spells                   Type           Power        Failure   Level  Hunger
 Olgreb's Toxic Radiance  Pois           #.......     22%         4    ###....
 Corona                   Hex            ###....      2%          1    None
 Animate Skeleton         Necr           N/A          9%          1    None
 Apportation              Tloc           #.....       9%          1    None
 Summon Small Mammal      Summ           #...         9%          1    None


Dungeon Overview and Level Annotations

Branches:
Dungeon (9/15)             Temple (1/1) D:4
   Lair: D:8-11         Orc: D:9-12

Altars:
Ashenzari
Cheibriados
Dithmenos
Elyvilon
Fedhas
Gozag
Hepliaklqana
Kikubaaqudgha
Makhleb
Nemelex Xobeh
Okawaru
Qazlal
Ru
Trog
Uskayaw
Vehumet
Wu Jian
Xom
Yredelemnul
Zin
The Shining One
Beogh

Shops:
D:5 *   D:9 *(

Annotations:
D:9 Maurice


Innate Abilities, Weirdness & Mutations

You can breathe blasts of scalding, opaque steam.
Your pale cyan-grey scales are hard. (AC +7)
You cannot fit into any form of body armour.
You are cold-blooded and may be slowed by cold attacks.


Message History

* * * LOW HITPOINT WARNING * * *
You see here a basilisk corpse.
The porcupine bites you but does no damage.
Okay, then.
You fade into invisibility!
The porcupine misses you. The crocodile misses you.
You are very lightly contaminated with residual magic.
The porcupine barely misses you. The porcupine completely misses you.
Maurice zaps a wand.
The porcupine resists with some effort.
You are feeling very hungry.
You strike the helpless porcupine from behind!
You puncture the porcupine!
The porcupine is poisoned.
The porcupine is severely wounded.
Maurice zaps a wand.
The porcupine suddenly stops moving!
Maurice gestures wildly while chanting.
Maurice flickers and vanishes for a moment.
The crocodile closely misses you.
You are struck by the porcupine's spines.
You die...

######≈.###†#
#......## #.#
#....†.# #.#
#....### #.#
#....#####...
#######.........♣P!
#......†...##.....
#.#@#......# ..PP
#.@r.......# ...
#...#t#..........
..
###.............. .
##..............
#.........P....
...............P
#.#.............
#............P.


You could see Maurice (swift, invisible), a crocodile and a porcupine
(paralysed, very poisoned).

Vanquished Creatures
  Harold (D:8)
  Pikel (D:4)
  Maggie (D:8)
  The ghost of Subbak the Conjurer, a novice DECj (D:6)
  A hippogriff (D:9)
  A wyvern (D:9)
  A basilisk (D:9)
  Eustachio (D:4)
  Menkaure (D:5)
  2 porcupines (D:9)
  A sky beast (D:5)
  2 slaves
  4 orc warriors
  3 black bears
  3 phantoms
  3 ice beasts
  A necrophage (D:7)
  5 ogres
  2 wolves (D:9)
  2 centaurs
  9 big kobolds (D:3)
  A crocodile (D:9)
  6 bullfrogs
  3 scorpions
  5 killer bees
  10 wights (D:7)
  3 howler monkeys (D:7)
  2 bullfrog zombies
  4 jellies
  A bullfrog skeleton (D:6)
  7 orc priests
  2 hounds
  12 orc wizards
  2 iguanas
  7 worker ants
  3 worker ant zombies
  11 adders
  10 gnolls
  7 oozes
  An adder skeleton (D:4)
  5 worms
  A dart slug (D:1)
  8 leopard geckos
  29 orcs
  A ball python (D:2)
  6 bats
  7 giant cockroaches
  9 goblins
  8 hobgoblins
  3 jackals
  46 kobolds
  2 quokkas
  5 frilled lizards
  A leopard gecko skeleton (D:4)
  7 rats
281 creatures vanquished.

Vanquished Creatures (others)
  710 foxfires
  A fungus (D:9)
711 creatures vanquished.

Grand Total: 992 creatures vanquished

Notes
Turn   | Place    | Note
-------+----------+-------------------------------------------
     0 | D:1      | sankara the Draconian Fire Elementalist began the quest for
                  | the Orb.
     0 | D:1      | Reached XP level 1. HP: 14/14 MP: 3/3
   120 | D:1      | Reached XP level 2. HP: 20/20 MP: 1/5
   720 | D:1      | Reached XP level 3. HP: 26/26 MP: 1/6
  1135 | D:2      | Reached skill level 1 in Short Blades
  1251 | D:1      | Reached XP level 4. HP: 18/33 MP: 2/7
  1387 | D:1      | Learned a level 3 spell: Conjure Flame
  2503 | D:3      | Found a stormy altar of Qazlal.
  2548 | D:3      | Found a shadowy altar of Dithmenos.
  2723 | D:3      | You fall into a shaft and drop 3 floors!
  2742 | D:6      | Found the +9 heavy crossbow "Sniper" {vorpal, Acc+∞ SInv}
  2799 | D:6      | Reached XP level 5. HP: 33/38 MP: 2/8
  2857 | D:6      | Reached skill level 4 in Fire Magic
  2923 | D:5      | Entered Level 5 of the Dungeon
  3036 | D:5      | Found Noploutu's Assorted Antiques.
  3092 | D:4      | Noticed a phantom
  3112 | D:4      | Learned a level 4 spell: Sticky Flame
  3151 | D:4      | Found a hide-covered altar of Uskayaw.
  3294 | D:4      | Reached XP level 6. HP: 15/46 MP: 1/10
  3301 | D:4      | Reached skill level 1 in Fighting
  3612 | D:4      | Found a hazy altar of Hepliaklqana.
  4340 | D:3      | Your scales start taking on a pale cyan-grey colour.
  4340 | D:3      | Reached skill level 5 in Fire Magic
  4340 | D:3      | Reached XP level 7. HP: 52/52 MP: 0/11
  4864 | D:3      | Reached skill level 1 in Crossbows
  4934 | D:3      | Learned a level 3 spell: Inner Flame
  4959 | D:3      | Reached XP level 8. HP: 59/62 MP: 0/13
  4960 | D:3      | Reached skill level 6 in Fire Magic
  5466 | D:4      | Found a staircase to the Ecumenical Temple.
  5473 | Temple   | Entered the Ecumenical Temple
  5699 | Temple   | Became a worshipper of Vehumet
  6069 | D:4      | Noticed Eustachio
  6080 | D:4      | Killed Eustachio
  6080 | D:4      | Reached skill level 1 in Hexes
  6261 | D:4      | Reached skill level 5 in Conjurations
  6611 | D:5      | Noticed Pikel
  6727 | D:4      | Killed Pikel
  6727 | D:4      | Reached skill level 7 in Fire Magic
  6727 | D:4      | Reached XP level 9. HP: 43/69 MP: 13/15
  6924 | D:5      | Noticed Menkaure
  6932 | D:5      | Killed Menkaure
  7731 | D:6      | Noticed Subbak's ghost (novice DECj)
  7735 | D:6      | Found a runed translucent gate.
  7735 | D:6      | Found a runed translucent gate.
  7735 | D:6      | Found a runed translucent gate.
  7736 | D:6      | Found a roughly hewn altar of Beogh.
  7737 | D:6      | Identified the cursed +1 chain mail of Mauthah {Harm Str-5
                  | SInv}
  8287 | D:6      | Killed Subbak's ghost
  8294 | D:6      | Reached skill level 8 in Fire Magic
  8334 | D:6      | Reached * piety under Vehumet
  8334 | D:6      | Offered knowledge of Magic Dart by Vehumet.
  8417 | D:6      | Got a warped cloak
  8431 | D:6      | Identified the +5 cloak of Ybbinlast {rPois Int+3} (You
                  | found it on level 6 of the Dungeon)
  8968 | D:7      | Reached XP level 10. HP: 77/77 MP: 17/17
  8978 | D:7      | Reached skill level 5 in Spellcasting
  8983 | D:7      | Offered knowledge of Shock by Vehumet.
  8983 | D:7      | Reached skill level 5 in Dodging
  8989 | D:7      | Reached ** piety under Vehumet
  9131 | D:7      | Learned a level 5 spell: Fireball
  9133 | D:7      | Learned a level 1 spell: Shock
  9323 | D:7      | Reached skill level 9 in Fire Magic
 10027 | D:8      | Found a white marble altar of Elyvilon.
 10745 | D:8      | Offered knowledge of Static Discharge by Vehumet.
 10829 | D:8      | Found an iron altar of Okawaru.
 10901 | D:8      | Noticed Maggie
 10905 | D:8      | Killed Maggie
 11026 | D:8      | Noticed Harold
 11045 | D:8      | Killed Harold
 11045 | D:8      | Reached skill level 10 in Fire Magic
 11570 | D:9      | Found Guomav's Assorted Antiques.
 11574 | D:9      | Reached *** piety under Vehumet
 11682 | D:9      | Found Veatz's Antique Weapon Boutique.
 11820 | D:9      | Found a shattered altar of Ashenzari.
 11848 | D:9      | Found an ornate altar of the Wu Jian Council.
 11848 | D:9      | Found a blossoming altar of Fedhas.
 11848 | D:9      | Found a shimmering altar of Xom.
 11849 | D:9      | Found a sparkling altar of Nemelex Xobeh.
 11849 | D:9      | Found a sacrificial altar of Ru.
 11901 | D:9      | Offered knowledge of Olgreb's Toxic Radiance by Vehumet.
 11980 | D:9      | Reached XP level 11. HP: 23/82 MP: 5/20
 12003 | D:9      | Noticed Maurice
 12025 | D:9      | Impaled on a porcupine's spines

Illustrated notes

Levels and vault maps discovered:
D:1:      matt_arrival_diagonals, layout_basic
D:2:      layout_loops_cross
D:3:      minmay_goblin_kobold_castle, layout_basic, old_standard_altar,
          nicolae_qazlal_eye_of_the_storm
D:4:      layout_basic, nicolae_overflow_hidden_temple,
          overflow_temple_1_default, minmay_temple_entry_tees, kennysheep_boxes,
          uniq_eustachio
D:5:      layout_loops_ring, serial_shops, nicolae_shop_crystal, first_ration,
          minmay_pentangle, uniq_menkaure, uniq_pikel
D:6:      layout_loops_ring, biasface_ghost_orc_armoury,
          kennysheep_generic_room_11
D:7:      layout_layer_cave
D:8:      layout_layer_cave, kennysheep_mini, okawaru_metal_pillars_1_2,
          uniq_harold, uniq_maggie
D:9:      layout_basic, lemuel_blue_sif_altar, grunt_temple_overflow_open,
          minmay_lair_entry_grove, serial_shops, shop_statue, serial_glass,
          glass_columns_a, glass_columns_a, glass_columns_a, glass_columns_c,
          glass_columns_a, glass_columns_a, glass_columns_a, glass_columns_b,
          glass_columns_a, glass_columns_a, glass_columns_a, glass_columns_a,
          glass_columns_a, glass_columns_a, due_unseen_surprise,
          hangedman_little_slice_of_home, kennysheep_windowed_goal, uniq_maurice
Temple:   dpeg_chambers_temple

Skill      XL: |  1  2  3  4  5  6  7  8  9 10 |
---------------+-------------------------------+-----
Stealth        | 2 3 |  3.0
Dodging        | 2 3 4 5 |  5.0
Short Blades   | 1 2 3 |  3.0
Conjurations   | 2 3 4 5 7 9 |  9.4
Fire Magic     | 4 5 7 8 10 | 10.6
Fighting       | 1 2 3 |  3.0
Spellcasting   | 3 4 6 |  6.2
Crossbows      | 1 2 3 |  3.0
Hexes          | 2 3 |  3.0

Action                   |  1- 3 |  4- 6 |  7- 9 | 10-12 || total
-------------------------+-------+-------+-------+-------++-------
Melee: Dagger            |     6 |    43 |       |    22 ||    71
       Tailslap          |       |     3 |       |       ||     3
 Fire: Heavy crossbow    |       |     1 |    84 |    56 ||   141
Throw: Dart              |       |     5 |       |       ||     5
 Cast: Foxfire           |    62 |   139 |   136 |   110 ||   447
       Inner Flame       |       |       |     7 |     4 ||    11
       Conjure Flame     |       |       |    10 |     2 ||    12
       Sticky Flame      |       |       |     1 |     5 ||     6
       Fireball          |       |       |       |     4 ||     4
       Shock             |       |       |       |     2 ||     2
 Abil: Breathe Steam     |       |       |     2 |     3 ||     5
  Use: Potion            |       |     1 |       |     1 ||     2
       Scroll            |       |       |    10 |     4 ||    14
 Stab: Invisible         |       |     3 |       |     1 ||     4
       Paralysed         |       |       |       |     1 ||     1
  Eat: Chunk             |     2 |     9 |    13 |     8 ||    32
       Ration            |       |       |     1 |     1 ||     2
Armor: Skin              |    16 |    20 |    26 |    59 ||   121
Dodge: Dodged            |    25 |    35 |    51 |   116 ||   227
